 Dungeon Crawl Stone Soup version 0.21-a0-178-g0b87683 (webtiles) character file.

56 Dfrag the Firebug (level 3, -6/24 HPs)
             Began as a Demonspawn Fire Elementalist on Aug 10, 2017.
             Mangled by a gnoll
             ... wielding a +0 halberd
              (8 damage)
             ... on level 2 of the Dungeon.
             The game lasted 00:02:25 (1207 turns).

Dfrag the Firebug (Demonspawn Fire Elementalist)    Turns: 1207, Time: 00:02:26

Health: -6/24      AC:  4    Str:  8    XL:     3   Next: 71%
Magic:  0/16       EV: 12    Int: 17    God:
Gold:   97         SH:  6    Dex: 13    Spells: 6/7 levels left

rFire    + . .     SeeInvis .   n - +2 dagger (protect)
rCold    x . .     Gourm    .   (no shield)
rNeg     . . .     Faith    .   a - +0 robe
rPois    .         Spirit   .   (no helmet)
rElec    .         Reflect  +   e - +0 cloak
rCorr    .         Harm     .   (no gloves)
MR       .....                  (no boots)
Stlth    ++........             k - +6 amulet of reflection
HPRegen  0.08/turn              d - ring of fire
MPRegen  0.15/turn              r - ring of magical power

@: no status effects
A: rugged brown scales 1
a: no special abilities


You were on level 2 of the Dungeon.
You were hungry.

You visited 1 branch of the dungeon, and saw 2 of its levels.

You collected 97 gold pieces.

Inventory:

Hand Weapons
 n - a +2 dagger of protection (weapon)
Armour
 a - a +0 robe (worn)
 e - a +0 cloak (worn)
Jewellery
 d - a ring of fire (left hand)
 k - a +6 amulet of reflection (around neck)
 r - a ring of magical power (right hand)
Scrolls
 h - a scroll of recharging {unknown}
 i - a scroll of teleportation {unknown}
 l - a scroll of blinking {unknown}
 m - a scroll of magic mapping {unknown}
 o - a scroll of fog {unknown}
Potions
 f - a potion of ambrosia {unknown}
 g - a potion of mutation {unknown}
 p - a potion of curing {unknown}
Books
 b - a book of Flames

   Spells                             Type                      Level
   a - Flame Tongue                   Conjuration/Fire             1
   b - Throw Flame                    Conjuration/Fire             2
   c - Conjure Flame                  Conjuration/Fire             3
   d - Inner Flame                    Hexes/Fire                   3
   e - Sticky Flame                   Conjuration/Fire             4
   f - Fireball                       Conjuration/Fire             5
Comestibles
 c - 3 bread rations
 j - a meat ration
 q - a chunk of flesh


   Skills:
 - Level 1.7 Dodging
 - Level 1.7 Stealth
 + Level 2.8 Spellcasting
 + Level 2.0 Conjurations
 + Level 3.3 Fire Magic


You had 6 spell levels left.
You knew the following spells:

 Your Spells              Type           Power        Failure   Level  Hunger
a - Flame Tongue          Conj/Fire      ###..        6%          1    #......


Dungeon Overview and Level Annotations

Branches:
Dungeon (2/15)

Altars:


Innate Abilities, Weirdness & Mutations

You are partially covered in rugged brown scales. (AC +1, +3% HP)


Message History

The gnoll is lightly wounded.
Casting: Flame Tongue
Confirm with . or Enter, or press ? or * to list all spells.
Aiming: Flame Tongue
Press: ? - help, Shift-Dir - straight line, f/p - gnoll
Aim: a gnoll, wielding a halberd (lightly wounded)
You feel a surge of power!
The flame tongue hits the gnoll.
The gnoll is moderately wounded.
The gnoll hits you from afar with a halberd!
Ouch! That really hurt!
* * * LOW HITPOINT WARNING * * *
Casting: Flame Tongue
Confirm with . or Enter, or press ? or * to list all spells.
Aiming: Flame Tongue
Press: ? - help, Shift-Dir - straight line, f/p - gnoll
Aim: a gnoll, wielding a halberd (moderately wounded)
You feel a surge of power!
The flame tongue hits the gnoll.
The gnoll is severely wounded.
The gnoll hits you from afar with a halberd!
You die...

####.#########.#######..#
.....# #.# ####.†#
###..###### #.# #.....# #
#..##...####.# #.###.#
###..##........# #.....#
##...##...###### #..####
...#..[.......# #..#
##...###.####.#####..#####
##.## #.# #sg.@..........
###.# #.# #####....######
...)# #.# #.....# ###.#
#.# ##.......## #s# #.#
#......)..# #.# #..
..........## #.# ###
####......## #.# #.#....#
#.# #.##.#.# ######.


You could see a gnoll and a giant cockroach.

Vanquished Creatures
  3 gnolls (D:2)
  A leopard gecko (D:1)
  5 bats
  2 giant cockroaches (D:1)
  3 goblins
  A hobgoblin (D:1)
  3 jackals (D:2)
  2 frilled lizards
  4 kobolds (D:1)
  2 rats (D:1)
26 creatures vanquished.

Notes
Turn   | Place    | Note
-------+----------+-------------------------------------------
     0 | D:1      | Dfrag the Demonspawn Fire Elementalist began the quest for the Orb.
     0 | D:1      | Reached XP level 1. HP: 13/13 MP: 3/3
   345 | D:1      | Gained mutation: You are partially covered in rugged brown scales. (AC +1, +3% HP) [demonic ancestry]
   345 | D:1      | Reached XP level 2. HP: 10/19 MP: 0/5
   385 | D:1      | Reached skill level 3 in Fire Magic
  1159 | D:2      | Reached XP level 3. HP: 24/24 MP: 2/6
  1207 | D:2      | Mangled by a gnoll

Vault maps used:
D:1:      dpeg_arrival_circle_labyrinth_c
D:2:      doesnt_xom_only_xom

Skill      XL: |  1  2  3 |
---------------+----------+-----
Fire Magic     | 3 |  3.3
Conjurations   | 2 |  2.0
Dodging        | |  1.7
Stealth        | |  1.7
Spellcasting   | |  2.8

Action                   || total
-------------------------++-------
Melee: Unarmed           ||    29
       Dagger            ||    27
 Cast: Flame Tongue      ||    49
 Stab: Sleeping          ||     3
  Eat: Chunk             ||     1
Armor: Robe              ||    32
Dodge: Dodged            ||    62
Block: Other             ||    11
